 Dungeon Crawl Stone Soup version 0.25-a0-598-gc9c9e4cfe1 (webtiles) character file.

Game seed: 11304083806013594355, levelgen mode: deterministic

138 Esekla the Ducker (level 5, 0/25 HPs)
             Began as a Spriggan Artificer on Mar 16, 2020.
             Slain by an iguana (3 damage)
             ... on level 4 of the Dungeon.
             The game lasted 00:14:36 (2918 turns).

Esekla the Ducker (Spriggan Artificer)              Turns: 2918, Time: 00:14:36

Health: 0/25       AC:  6    Str:  8    XL:     5   Next: 1%
Magic:  9/9        EV: 21    Int: 14    God:
Gold:   76         SH:  0    Dex: 16    Spells: 7/7 levels left

rFire    + . .     SeeInvis +   a - +0 short sword
rCold    + . .     Gourm    .   (shield restricted)
rNeg     . . .     Faith    +   b - +1 robe
rPois    .         Spirit   .   (helmet restricted)
rElec    .         Reflect  .   h - scarf {rC+ rF+}
rCorr    .         Harm     .   (gloves unavailable)
MR       .....                  (boots unavailable)
Stlth    ++........             o - amulet of faith
HPRegen  0.08/turn              j - +3 ring of protection
MPRegen  0.11/turn              (no ring)

@: very quick
A: very small, unfitting armour, see invisible, herbivore, speed 3, slow
metabolism 2
a: no special abilities


You were on level 4 of the Dungeon.
You were hungry.

You visited 1 branch of the dungeon, and saw 4 of its levels.

You collected 76 gold pieces.

Inventory:

Hand Weapons
 a - a +0 short sword (weapon)
Armour
 b - a +1 robe (worn)
 h - a scarf of resistance (worn)
Jewellery
 j - a +3 ring of protection (left hand)
 o - an amulet of faith (around neck)
 q - a cursed ring of attention {unknown}
Wands
 c - a wand of flame (15)
 d - a wand of enslavement (15)
 e - a wand of random effects (15)
Scrolls
 g - 6 scrolls of remove curse
Potions
 l - a potion of resistance {unknown}
 p - a potion of curing
Comestibles
 f - 3 rations


   Skills:
 - Level 0.7 Fighting
 * Level 3.3 Short Blades
 * Level 5.4 Dodging
 + Level 2.3 Stealth
 * Level 1.9 Spellcasting
 - Level 4.0 Evocations


You had 7 spell levels left.
You didn't know any spells.
Your spell library was empty.

Dungeon Overview and Level Annotations

Branches:
Dungeon (4/15)
 Temple: D:4-7

Altars:
Nemelex Xobeh

Annotations:
D:2 Terence


Innate Abilities, Weirdness & Mutations

You are very small and have problems with some larger weapons.
You are too small for most types of armour.
You have supernaturally acute eyesight. (SInv)
You are a herbivore.
You cover ground extremely quickly.
You need to consume almost no food.


Message History

The adder misses you.
You hit the adder.
You kill the adder!
You have reached level 5!
You feel clever.
You hit the iguana but do no damage. The iguana completely misses you.
You hit the iguana.
The iguana is lightly wounded.
The iguana bites you!
* * * LOW HITPOINT WARNING * * *
You hit the iguana but do no damage.
The iguana is lightly wounded.
The iguana misses you.
You barely miss the iguana.
The iguana is lightly wounded.
The iguana closely misses you.
You hit the iguana.
The iguana is lightly wounded.
The iguana bites you.
You die...

###############
#...@l......#..
#.#########.#.######
#########.#.##...#
#.........#......##
#......l..#.####...
+..............'...
#........##.##.#...
#........##.##.#...
#........##.##.#...


You could see an iguana.

Vanquished Creatures
  A centaur skeleton (D:4)
  4 adders
  2 oozes
  A leopard gecko (D:1)
  2 orcs
  9 bats
  4 giant cockroaches
  8 goblins
  8 hobgoblins
  6 jackals (D:1)
  A quokka (D:4)
  A ball python (D:3)
  A frilled lizard (D:2)
  6 kobolds
  7 rats
61 creatures vanquished.

Notes
Turn   | Place    | Note
-------+----------+-------------------------------------------
     0 | D:1      | Esekla the Spriggan Artificer began the quest for the Orb.
     0 | D:1      | Reached XP level 1. HP: 9/9 MP: 4/4
   134 | D:1      | Reached XP level 2. HP: 10/14 MP: 6/6
   374 | D:1      | Reached skill level 4 in Dodging
   398 | D:1      | Reached skill level 1 in Spellcasting
   470 | D:1      | Reached XP level 3. HP: 10/17 MP: 7/7
  1185 | D:2      | Reached skill level 5 in Dodging
  1492 | D:2      | Reached XP level 4. HP: 21/21 MP: 8/8
  1507 | D:2      | Found a sparkling altar of Nemelex Xobeh.
  2176 | D:2      | Noticed Terence
  2904 | D:4      | Reached XP level 5. HP: 12/25 MP: 9/9
  2918 | D:4      | Slain by an iguana

Levels and vault maps discovered:
D:1:      dpeg_arrival_subterranean_lakeside_camping, layout_basic
D:2:      layout_basic, minmay_misc_feat_doors, nemelex_dance_club_becter,
          uniq_terence
D:3:      layout_basic, lemuel_angel_altar, uniq_sigmund, uniq_jessica
D:4:      layout_basic, zin_scriptorium

Skill      XL: |  1  2  3  4 |
---------------+-------------+-----
Short Blades   | 2 3 |  3.3
Dodging        | 4 5 |  5.4
Spellcasting   | 1 |  1.9
Stealth        | 2 |  2.3
Fighting       | |  0.7
Evocations     | |  4.0

Action                   |  1- 3 |  4- 6 || total
-------------------------+-------+-------++-------
Melee: Short sword       |   204 |   131 ||   335
  Use: Scroll            |     1 |     4 ||     5
       Potion            |       |     1 ||     1
 Stab: Sleeping          |     2 |     6 ||     8
Armor: Robe              |    16 |     9 ||    25
Dodge: Dodged            |   188 |   127 ||   315

Table legend:
 A = Non-vault XP
 B = Vault XP
 C = Vault XP percentage of total XP
 D = Non-vault monster count
 E = Vault monster count
 F = Vault count percentage of total count
                 A         B        C        D         E       F
            +---------+---------+-------+---------+---------+-------
      Total |     180 |      18 |   9.1 |      53 |       8 |  13.1
            +---------+---------+-------+---------+---------+-------
        D:1 |      64 |       8 |  11.1 |      32 |       6 |  15.8
        D:2 |      56 |      10 |  15.2 |      15 |       2 |  11.8
        D:3 |       3 |       0 |   0.0 |       2 |       0 |   0.0
        D:4 |      57 |       0 |   0.0 |       4 |       0 |   0.0
            +---------+---------+-------+---------+---------+-------
